 Dungeon Crawl Stone Soup version 0.28.0-47-ge53b351184 (webtiles) character file.

Game seed: 12470713105465495678

55 GigaChad the Conjurer (level 3, 0/19 HPs)
             Began as a Deep Elf Conjurer on Apr 26, 2022.
             Slain by a quokka (2 damage)
             ... on level 2 of the Dungeon.
             The game lasted 00:04:43 (1121 turns).

GigaChad the Conjurer (Deep Elf Conjurer)           Turns: 1121, Time: 00:04:43

Health: 0/19       AC:  2    Str:  4    XL:     3   Next: 67%
Magic:  9/9        EV: 12    Int: 22    God:
Gold:   51         SH:  5    Dex: 15    Spells: 7/8 levels left

rFire   . . .      SeeInvis .   e - +0 short sword
rCold   . . .      Faith    .   (no shield)
rNeg    . . .      Spirit   .   a - +0 robe
rPois   .          Reflect  +   (no helmet)
rElec   .          Harm     .   (no cloak)
rCorr   .          Rampage  .   (no gloves)
Will    .....                   (no boots)
Stlth   ++........              b - amulet of reflection
HPRegen 0.06/turn               (no ring)
MPRegen 0.11/turn               (no ring)

@: no status effects
A: no striking features
a: no special abilities


You were on level 2 of the Dungeon.
You visited 1 branch of the dungeon, and saw 2 of its levels.

You collected 51 gold pieces.

Inventory:

Hand Weapons
 e - a +0 short sword (weapon)
 h - a +0 dagger
Missiles
 d - 24 arrows
Armour
 a - a +0 robe (worn)
Jewellery
 b - an amulet of reflection (around neck)
 c - a ring of flight
Scrolls
 f - a scroll of identify {unknown}
Potions
 g - 2 potions of curing {unknown}
 i - a potion of flight {unknown}


   Skills:
 + Level 2.6 Dodging
 + Level 2.5 Stealth
 + Level 3.3 Spellcasting
 + Level 5.7 Conjurations


You had 7 spell levels left.
You knew the following spells:

 Your Spells              Type           Power      Damage    Failure   Level
a - Magic Dart            Conj           100%       1d8       1%          1

Your spell library contained the following spells:

 Spells                   Type           Power      Damage    Failure   Level
 Searing Ray              Conj           56%        2d6       1%          2
 Dazzling Flash           Conj/Hex       32%        N/A       11%         3
 Slow                     Hex            12%        N/A       12%         1
 Confusing Touch          Hex            3%         N/A       34%         3
 Vampiric Draining        Necr           3%         2d6       34%         3
 Fulminant Prism          Conj/Hex       8%         3d7       36%         4
 Iskenderun's Mystic Bla  Conj/Tloc      16%        2d5       36%         4


Dungeon Overview and Level Annotations

Branches:
Dungeon (2/15)

Altars:

Shops:
D:1 *


Message History

The giant cockroach bites you but does no damage.
The quokka bites you but does no damage.
You barely miss the giant cockroach. You block the giant cockroach's attack.
The quokka closely misses you. The giant cockroach bites you.
The quokka bites you.
You barely miss the giant cockroach. The giant cockroach barely misses you.
You block the quokka's attack.
You hit the giant cockroach but do no damage.
The giant cockroach bites you. The quokka closely misses you.
You hit the giant cockroach.
The giant cockroach is severely wounded.
You block the quokka's attack. The giant cockroach closely misses you.
The giant cockroach bites you. The quokka bites you.
You closely miss the giant cockroach.
The giant cockroach is severely wounded.
The giant cockroach bites you.
The quokka bites you but does no damage.
You closely miss the giant cockroach.
The giant cockroach is severely wounded.
The giant cockroach closely misses you. The quokka barely misses you.
You hit the giant cockroach but do no damage.
The giant cockroach is severely wounded.
The giant cockroach closely misses you. The quokka bites you.
* * * LOW HITPOINT WARNING * * *
The giant cockroach bites you.
* * * LOW HITPOINT WARNING * * *
You closely miss the giant cockroach.
The giant cockroach is severely wounded.
You block the quokka's attack. The quokka barely misses you.
You block the giant cockroach's attack.
You hit the giant cockroach but do no damage.
The giant cockroach is severely wounded.
The quokka bites you.
* * * LOW HITPOINT WARNING * * *
The giant cockroach bites you but does no damage.
You hit the giant cockroach.
You kill the giant cockroach!
You block the quokka's attack. The quokka bites you.
You die...

##### ..... #...### #....##
### #...## # #.
#..####...####.### #.
#.........r@....###########.
#†.>########............ ...
###.# ##.###.....# #. #.#
.##..##.####. #.# #.#
#..#...... #.# #. #........
#.## #. ###...... #..# #.
##..##... ##.#####
#.####..###...


You could see a quokka.

Vanquished Creatures
  2 adders (D:2)
  2 ball pythons (D:1)
  3 endoplasms (D:1)
  A giant cockroach (D:2)
  2 hobgoblins (D:1)
  7 jackals
  3 kobolds (D:1)
  3 quokkas
  2 frilled lizards (D:1)
  4 goblins (D:1)
  4 rats
33 creatures vanquished.

Notes
Turn   | Place    | Note
-------+----------+-------------------------------------------
     0 | D:1      | GigaChad the Deep Elf Conjurer began the quest for the Orb.
     0 | D:1      | Reached XP level 1. HP: 10/10 MP: 6/6
   158 | D:1      | Found Doisall's Assorted Antiques.
   162 | D:1      | Reached XP level 2. HP: 15/15 MP: 6/8
   275 | D:1      | Reached skill level 5 in Conjurations
   532 | D:1      | Reached XP level 3. HP: 16/19 MP: 1/9
  1121 | D:2      | Slain by a quokka

Illustrated notes

Levels and vault maps discovered:
D:1:      pf_arrival_petrified_forest, layout_loops_ring, serial_shops, shop,
          minmay_pentomino_u2
D:2:      layout_rooms, hangedman_abyss_or_decor_stabs, serial_bayou_pond_a

Skill      XL: |  1  2 |
---------------+-------+-----
Conjurations   | 5 |  5.7
Dodging        | |  2.6
Stealth        | |  2.5
Spellcasting   | |  3.3

Action                   || total
-------------------------++-------
Melee: Short sword       ||    35
 Cast: Magic Dart        ||    52
  Use: Scroll            ||     2
Armor: Robe              ||     7
Dodge: Dodged            ||    26
Block: Other             ||    15
